Unix NetHack Version 5.0.0-0 post-release - last build May 31 2026 23:59:36 (970b52f25bf058293b47ddfd14a1e40e571c508c,branch:main).

Game began 2026-06-01 02:32:52, ended 2026-06-01 03:13:54.

7spoons, lawful female human Valkyrie

                   -------          ----                    ----
                   |.|.|.------------..------------        --..|
                   |...%...|-............  .......|---------...------
                   |.*.--.)|....#.....-  -----....|......|..........
                   |!..|-)...{[.......|  |%%.|....-...._.|........-     ---
                   |)..|..#.....----..|  |%%.-....|......|........|  --...---
                   |...|........|  |..|  |----....--------........---.......---
                   |.----...--+--  |..-|-|....................................|
                   |.|  |...|...|-+-...@.---|---------...-.-........>.........|
                   ---  +...|(((|.............|  |...|...|..|..........--    --
                        -...|!((|+------..{...|  |...-...|..|.........--
                        ....|----  |((.|@.....--+-...|...|...-........|
                       .....|      |.(.-....'........--.--............--
                      ----..|      |((^|..--@---|-................-....--
                         |..|      -----..|)f!|..|-|---|-...............|
                         +..-          ...|(@[|..|...|..............--..|
                         |..          ....|..(|..|...|..............|  .|
                         |..         .....|--------------|.......----  --
                         ----       -------              --..-...-
                                                            0.---

7spoons the Fighter         St:18/02 Dx:13 Co:17 In:8 Wi:9 Ch:8  Lawful
Dlvl:6  $:249 HP:0(58) Pw:14(14) AC:-1 Xp:6 T:2524  Burdened

Latest messages:
 The housecat picks up a towel.
 What do you want to drop? [$a-jl-oq-vx-zABD-V or ?*]
 You drop a cursed aklys.
 Possogroenoe offers 2 gold pieces for your aklys.  Sell it? [ynaq] (n)
 You sold a cursed aklys for 2 gold pieces.
 The housecat drops a towel.
 What do you want to drop? [$a-jl-or-vx-zABD-V or ?*]
 You drop a cursed silver mace.
 Possogroenoe offers 30 gold pieces for your silver mace.  Sell it? [ynaq] (n)
 You sold a cursed silver mace for 30 gold pieces.
 What do you want to drop? [$a-gijl-or-vx-zABD-V or ?*]
 You drop a cursed silver saber.
 Possogroenoe offers 38 gold pieces for your silver saber.  Sell it? [ynaq] (n)
 You sold a cursed silver saber for 38 gold pieces.
 You hit the Mordor orc!
 The Mordor orc swings his scimitar.
 The Mordor orc hits!
 You hit the Mordor orc!
 You miss the Mordor orc.
 You kill the Mordor orc!
 The housecat picks up a bubbly potion.
 There is an open door here.
 There are many objects here.
 You learn more about your items by comparing them.
 b - 7 +0 daggers (alternate weapons; not wielded) (12 in total).
 W - a scimitar.
 X - a scimitar.
 You have a little trouble lifting an orcish helm.  Continue? [ynq] (q)
 You have a little trouble lifting Y - an orcish helm.
 Z - an orcish helm.
 h - a pair of iron shoes.
 i - a pair of iron shoes.
 k - a dwarvish cloak.
 p - a dwarvish cloak.
 Your movements are slowed slightly because of your load.
 You stop.  Your housecat is in the way!
 You hear a door open.
 The housecat drops a bubbly potion.
 You stop.  Your housecat is in the way!
 The rope golem hits!
 The rope golem hits again!
 The rope golem grabs you!
 You cannot escape from the rope golem!
 The rope golem hits!
 The rope golem misses!
 You are being choked.
 You die...
 Possogroenoe gratefully inherits all your possessions.
 Do you want to see what you had when you died? [ynq] (y)
 Do you want to see your attributes? [ynq] (y)

Inventory:
 Coins    ('$')
  $ - 249 gold pieces
 Weapons  (')')
  b - 12 +0 daggers (alternate weapons; not wielded)
  a - a +1 spear
  g - a blessed +0 long sword (weapon in right hand)
  X - a blessed +1 scimitar
  W - a +0 scimitar
 Armor    ('[')
  Z - an uncursed +0 orcish helm
  Y - a cursed -1 orcish helm
  i - a blessed +0 pair of iron shoes
  h - an uncursed +0 pair of iron shoes
  A - an uncursed +0 pair of iron shoes (being worn)
  z - a cursed -1 pair of levitation boots
  c - a blessed +3 small shield (being worn)
  B - an uncursed +1 dwarvish cloak (being worn)
  k - a cursed -1 dwarvish cloak
  p - a cursed -1 dwarvish cloak
  n - an uncursed +0 scale mail (being worn)
 Comestibles  ('%')
  V - 2 uncursed slime molds
  d - an uncursed food ration
  U - an uncursed fortune cookie
  f - 3 uncursed tripe rations
 Scrolls  ('?')
  D - 2 uncursed scrolls of blank paper
  L - a cursed scroll of earth
  K - a cursed scroll of enchant weapon
  l - 2 uncursed scrolls of light
  J - 4 cursed scrolls of magic mapping
  y - a cursed scroll of remove curse
  r - 2 uncursed scrolls of teleportation
 Potions  ('!')
  s - an uncursed potion of enlightenment
  o - a cursed potion of healing
  m - an uncursed potion of sickness
 Rings    ('=')
  E - a cursed ring of fire resistance
  S - an uncursed ring of poison resistance
  t - a cursed ring of polymorph
 Wands    ('/')
  M - a cursed wand of light (0:11)
  O - a cursed wand of lightning (0:4)
  N - a wand of magic missile (1:5)
  F - a wand of magic missile (0:4)
  P - a cursed wand of make invisible (0:7)
  Q - a cursed wand of make invisible (0:4)
  R - a cursed wand of polymorph (0:2)
 Tools    ('(')
  G - an expensive camera (0:84)
  I - a cursed magic lamp
  e - an uncursed oil lamp
  T - an uncursed skeleton key
  H - an uncursed tallow candle
  x - an uncursed tin whistle
  j - a cursed towel
  u - an uncursed wax candle
 Gems/Stones  ('*')
  v - an uncursed worthless piece of violet glass

7spoons the Valkyrie's attributes:

Background:
 You were a Fighter, a level 6 human Valkyrie.
 You were lawful, on a mission for Tyr
 who was opposed by Odin (neutral) and Loki (chaotic).
 You were right-handed.
 You were in the Gnomish Mines, on level 6.
 You entered the dungeon 2524 turns ago.
 It was nighttime.
 There was a full moon in effect when your adventure ended.
 You had 446 experience points, 194 more were needed to attain level 7.

Basics:
 You had 0 out of 58 hit points.
 You had all 14 energy points (spell power).
 Your armor class was -1.
 Your wallet contained 249 zorkmids.
 Autopickup was off.

Final Characteristics:
 Your strength was 18/02 (peak:18/03, limit:18/100).
 Your dexterity was 13 (limit:18).
 Your constitution was 17 (limit:18).
 Your intelligence was 8 (limit:18).
 Your wisdom was 9 (limit:18).
 Your charisma was 8 (limit:18).

Final Status:
 You were held by a rope golem (north).
 You weren't hungry.
 You were burdened; movement was slightly slowed.
 You were wielding a long sword.
 You had basic skill with long sword.

Final Attributes:
 You were piously aligned.
 Your items were somewhat protected from fire.
 You were cold resistant.
 Your items were somewhat protected from cold.
 You were stealthy.
 You were warded.
 You were lucky.
 You are dead.

Miscellaneous:
 You encountered 1 bones level.
 Total elapsed playing time was 31 minutes and 20 seconds.

Major events:
 Turn
    1: 7spoons the lawful human Valkyrie entered the dungeon
 1304: entered the Gnomish Mines
 1706: attained the rank of Skirmisher (level 3)
 1901: reached Mine Town
 2130: found Ogresmasher on the floor
 2261: attained the rank of Fighter (level 6)
 2524: killed by a rope golem

You didn't know any spells.

Skills:
 Fighting Skills
   bare handed combat [Unskilled]
   two weapon combat  [Unskilled]
   riding             [Unskilled]
 Weapon Skills
   dagger             [Basic]
   axe                [Unskilled]
   pick-axe           [Unskilled]
   short sword        [Unskilled]
   broadsword         [Unskilled]
   long sword         [Basic]
   two-handed sword   [Unskilled]
   saber              [Unskilled]
   hammer             [Unskilled]
   quarterstaff       [Unskilled]
   polearms           [Unskilled]
   spear              [Basic]
   trident            [Unskilled]
   lance              [Unskilled]
   sling              [Unskilled]
 Spellcasting Skills
   attack spells      [Unskilled]
   escape spells      [Unskilled]

Voluntary challenges:
 Character rerolling was not enabled.
 You were illiterate.
 You never genocided any monsters.
 You never polymorphed an object.
 You never changed form.
 You used no wishes.
Achievements:
 You entered a shop.
 You entered the Gnomish Mines.
 You attained the rank of Skirmisher.
 You entered Minetown.
 You attained the rank of Fighter.
 You entered a temple.

 The Dungeons of Doom: levels 1 to 4
    Level 1:
    Level 2:
       A fountain.
    Level 3:
       An armor shop.
       Stairs down to The Gnomish Mines.
    Level 4:
 The Gnomish Mines: levels 4 to 6
    Level 4:
    Level 5:
    Level 6: <- You were here.
       Many shops, a temple and an altar, some fountains, some trees.
       Final resting place for
          you, killed by a rope golem,
          DiePARTEI-Tou-Hum-Mal-Neu, killed by a gnome, while praying.


Vanquished creatures:
  a ghost
  a gold golem
  a dog
 an imp
  2 Mordor orcs
  a fog cloud
  3 gnome leaders
  a paper golem
  2 giant ants
  3 dwarves
  3 rothes
 an iguana
 an acid blob
  2 coyotes
  a large kobold
  a cave spider
  a green mold
 23 gnomes
  4 garter snakes
  2 geckos
  4 jackals
  a fox
  a kobold
  2 goblins
  4 grid bugs
  2 bats
  4 lichens
  a kobold zombie
 10 newts
84 creatures vanquished.

No species were genocided or became extinct.

Game over:
                       ----------
                      /          \
                     /    REST    \
                    /      IN      \
                   /     PEACE      \
                  /                  \
                  |     7spoons      |
                  |       0 Au       |
                  | killed by a rope |
                  |      golem       |
                  |                  |
                  |                  |
                  |       2026       |
                 *|     *  *  *      | *
        _________)/\\_//(\/(/\)/\//\/|_)_______

Farvel 7spoons the Valkyrie...

You died in The Gnomish Mines on dungeon level 6 with 2034 points,
and 0 pieces of gold, after 2524 moves.
You were level 6 with a maximum of 58 hit points when you died.

